 Dungeon Crawl Stone Soup version 0.24.0-28-g17ded55e90 (webtiles) character file.

Game seed: 18130131788289495580, levelgen mode: deterministic

401 Kobob the Charlatan (level 7, -1/40 HPs)
             Began as a Kobold Artificer on Nov 12, 2019.
             Slain by an orc wizard
             ... wielding a +0 dagger
              (4 damage)
             ... on level 4 of the Dungeon.
             The game lasted 00:19:47 (4782 turns).

Kobob the Charlatan (Kobold Artificer)              Turns: 4782, Time: 00:19:47

Health: -1/40      AC:  7    Str:  9    XL:     7   Next: 11%
Magic:  10/10      EV: 16    Int: 12    God:
Gold:   158        SH:  0    Dex: 18    Spells: 6/6 levels left

rFire    . . .     SeeInvis .   y - +2 dagger (elec)
rCold    + . .     Gourm    .   (shield restricted)
rNeg     . . .     Faith    .   G - +2 leather armour {rC+}
rPois    .         Spirit   .   o - +0 helmet
rElec    .         Reflect  .   (no cloak)
rCorr    .         Harm     .   j - +0 pair of gloves
MR       .....                  (no boots)
Stlth    ++........             (no amulet)
HPRegen  0.13/turn              (no ring)
MPRegen  0.12/turn              (no ring)

@: no status effects
A: small, carnivore
a: no special abilities


You were on level 4 of the Dungeon.
You were very full.

You visited 1 branch of the dungeon, and saw 4 of its levels.

You collected 158 gold pieces.

Inventory:

Hand Weapons
 a - a +0 short sword
 y - a +2 dagger of electrocution (weapon)
Missiles
 F - 5 boomerangs (quivered)
Armour
 j - a +0 pair of gloves (worn)
 o - a +0 helmet (worn)
 p - a cursed +0 ring mail
 G - a +2 leather armour of cold resistance (worn)
Jewellery
 m - a +3 ring of intelligence
 B - an uncursed ring of fire {unknown}
 D - an uncursed amulet of harm
Wands
 c - a wand of flame (9)
 d - a wand of enslavement (15)
 e - a wand of random effects (15)
 C - a wand of iceblast (9)
Scrolls
 g - 2 scrolls of blinking
 k - 3 scrolls of remove curse
 l - 2 scrolls of random uselessness
 r - 3 scrolls of enchant armour
 x - a scroll of identify
Potions
 b - a potion of curing
 h - a potion of mutation {unknown}
 i - 2 potions of haste {unknown}
 n - a potion of degeneration {unknown}
 q - 3 potions of berserk rage {unknown}
 s - 2 potions of ambrosia {unknown}
 t - 2 potions of resistance {unknown}
 u - 2 potions of heal wounds {unknown}
 v - a potion of lignification {unknown}
 z - 3 potions of brilliance {unknown}
 A - a potion of flight {unknown}
Comestibles
 f - 6 rations
 w - 6 chunks of flesh


   Skills:
 + Level 2.2 Fighting
 + Level 3.8 Short Blades
 + Level 4.6 Throwing
 + Level 3.4 Dodging
 + Level 2.8 Stealth
 + Level 4.8 Evocations


You had 6 spell levels left.
You didn't know any spells.
Your spell library was empty.

Dungeon Overview and Level Annotations

Branches:
Dungeon (4/15)
 Temple: D:4-7

Altars:
Trog


Innate Abilities, Weirdness & Mutations

You are small and have problems with some larger weapons.
You are carnivorous and can eat meat at any time.


Message History

The puff of flame hits you but does no damage.
The orc warrior hits you with a +0 mace!
Something hits you.
You hear some strange, mumbled words.
A puff of frost appears from out of thin air!
The puff of frost misses you.
You hear some strange, mumbled words.
A puff of flame appears from out of thin air!
The puff of flame hits you.
* * * LOW HITPOINT WARNING * * *
Something barely misses you.
You hear some strange, mumbled words.
A puff of flame appears from out of thin air!
The puff of flame hits you!
* * * LOW HITPOINT WARNING * * *
You hear some strange, mumbled words.
A puff of frost appears from out of thin air!
The puff of frost misses you. Something hits you.
You die...

##### ###
####.#.####.#
#....#......######
#.##.#.####.#....#
#.#.......#.#.##.#
#.#..#.#....[.##.#
#g#..#.#.....)@#o#
#.######.##.##<#o# #.#
##.#.####.### #.#
##.#......#
#>.......G#.........#
#.(....._.##.#....#.##
#........$ #.####.#..#
#.##.8..g#
#.........## #. #...##
######.##..#


There were no monsters in sight!

Vanquished Creatures
  3 orc wizards (D:3)
  3 orc priests (D:3)
  A bullfrog skeleton (D:4)
  A worker ant (D:3)
  4 adders
  2 oozes
  3 worms
  4 dart slugs (D:1)
  A leopard gecko (D:1)
  17 orcs
  2 ball pythons (D:1)
  8 bats
  2 giant cockroaches (D:3)
  11 goblins
  13 hobgoblins
  2 jackals (D:1)
  2 quokkas
  7 frilled lizards
  7 kobolds
  6 rats
99 creatures vanquished.

Notes
Turn   | Place    | Note
-------+----------+-------------------------------------------
     0 | D:1      | Kobob the Kobold Artificer began the quest for the Orb.
     0 | D:1      | Reached XP level 1. HP: 12/12 MP: 3/3
   230 | D:1      | Reached XP level 2. HP: 11/16 MP: 5/5
   692 | D:1      | Reached XP level 3. HP: 15/20 MP: 6/6
   955 | D:1      | Reached skill level 1 in Throwing
  1429 | D:2      | Reached XP level 4. HP: 25/25 MP: 7/7
  2298 | D:2      | Reached XP level 5. HP: 29/30 MP: 8/8
  3432 | D:3      | Reached XP level 6. HP: 7/35 MP: 9/9
  4539 | D:4      | Reached XP level 7. HP: 26/40 MP: 10/10
  4662 | D:4      | Found a bloodstained altar of Trog.
  4777 | D:4      | HP: 2/40 [something/puff of flame (8)]
  4782 | D:4      | Slain by an orc wizard

Levels and vault maps discovered:
D:1:      minmay_arrival_four_loops, layout_loops_corners,
          minmay_close_crescents
D:2:      layout_rooms, first_ration, minmay_puff
D:3:      layout_basic, kennysheep_generic_room_7
D:4:      layout_basic, grunt_qazlal_clouds, trog_eyes_of_draining,
          minmay_cupped, uniq_pikel, uniq_edmund, uniq_sigmund

Skill      XL: |  1  2  3  4  5  6 |
---------------+-------------------+-----
Evocations     | 4 |  4.8
Short Blades   | 2 3 |  3.8
Throwing       | 1 2 3 4 |  4.6
Dodging        | 3 |  3.4
Stealth        | 2 |  2.8
Fighting       | 2 |  2.2

Action                   |  1- 3 |  4- 6 |  7- 9 || total
-------------------------+-------+-------+-------++-------
Melee: Short sword       |   115 |    24 |       ||   139
       Dagger            |       |   100 |    12 ||   112
Throw: Dart              |    44 |    92 |     8 ||   144
       Boomerang         |       |     5 |     6 ||    11
Evoke: Wand              |     1 |     5 |       ||     6
  Use: Scroll            |       |     7 |       ||     7
 Stab: Sleeping          |     2 |     3 |       ||     5
  Eat: Chunk             |    10 |     9 |     1 ||    20
Armor: Leather armour    |    21 |    24 |     7 ||    52
Dodge: Dodged            |    89 |    81 |    10 ||   180
